 Dungeon Crawl Stone Soup version 0.28-a0-1159-g27aa881441 (webtiles) character file.

Game seed: 1306196799557370120

549 fragbeetle the Ruffian (level 7, -1/52 HPs)
             Began as a Yellow Draconian Transmuter on Dec 16, 2021.
             Slain by an orc wizard (3 damage)
             ... on level 4 of the Dungeon.
             The game lasted 00:10:46 (4714 turns).

fragbeetle the Ruffian (DrTm)                       Turns: 4714, Time: 00:10:49

Health: -1/52      AC:  2    Str: 14    XL:     7   Next: 7%
Magic:  8/10       EV: 16    Int: 13    God:
Gold:   116        SH:  0    Dex: 17    Spells: 2/10 levels left

rFire   . . .      SeeInvis .     - Unarmed
rCold   . . .      Faith    .   (shield currently unavailable)
rNeg    . . .      Spirit   .   (armour unavailable)
rPois   x          Reflect  .   (helmet currently unavailable)
rElec   .          Harm     .   (cloak currently unavailable)
rCorr   .          Rampage  .   (gloves currently unavailable)
Will    .....                   (boots currently unavailable)
Stlth   ++........              (no amulet)
HPRegen 0.17/turn               (no ring)
MPRegen 0.12/turn               (no ring)

@: spider-form (expiring), constricted
A: venomous fangs, (spit acid), AC +6, tiny, unfitting armour, (cold-blooded),
(acid resistance)
a: End Transformation


You were on level 4 of the Dungeon.
You were a venomous arachnid creature.
You visited 1 branch of the dungeon, and saw 4 of its levels.

You collected 116 gold pieces.

Inventory:

Missiles
 b - 63 stones
 n - 10 poisoned darts
Armour
 d - a +1 cloak (melded)
Wands
 p - a wand of mindburst (11)
Scrolls
 a - 2 scrolls of identify {unknown}
 e - 2 scrolls of acquirement {unknown}
 g - 2 scrolls of enchant armour {unknown}
 j - a scroll of fear {unknown}
 k - a scroll of enchant weapon {unknown}
 l - a scroll of vulnerability {unknown}
 r - 2 scrolls of teleportation {unknown}
Potions
 c - a potion of brilliance {unknown}
 f - 2 potions of degeneration {unknown}
 h - 2 potions of curing {unknown}
 i - 3 potions of heal wounds {unknown}
 m - 2 potions of flight {unknown}
 o - a potion of attraction {unknown}
 q - 2 potions of lignification {unknown}


   Skills:
 - Level 1.1 Fighting
 - Level 1.7 Dodging
 + Level 5.1 Unarmed Combat
 - Level 2.0 Spellcasting
 + Level 4.5 Transmutations
 + Level 2.5 Ice Magic
 + Level 3.3 Poison Magic


You had 2 spell levels left.
You knew the following spells:

 Your Spells              Type           Power      Damage    Failure   Level
a - Beastly Appendage     Tmut           26%        N/A       13%         1
b - Spider Form           Tmut/Pois      11%        N/A       34%         3
c - Ice Form              Ice/Tmut       10%        N/A       73%         4

Your spell library contained the following spells:

 Spells                   Type           Power      Damage    Failure   Level
 Wereblood                Tmut           13%        N/A       17%         2
 Freeze                   Ice            28%        1d5       22%         1
 Animate Skeleton         Necr           2%         N/A       47%         1
 Apportation              Tloc           2%         N/A       47%         1
 Summon Small Mammal      Summ           4%         N/A       47%         1
 Frozen Ramparts          Ice            14%        1d3       47%         3
 Hailstorm                Conj/Ice       4%         3d4       94%         4


Dungeon Overview and Level Annotations

Branches:
Dungeon (4/15)
 Temple: D:4-7

Altars:
Elyvilon
Fedhas
Vehumet

Shops:
D:1 =


Innate Abilities, Weirdness & Mutations

You are a venomous arachnid creature.
You have poisonous fangs.
You are tiny and dextrous.
Your spellcasting is less reliable in this form.
Your armour is entirely melded.
You are incapable of wielding weapons or throwing items.
((You can spit globs of acid.))
((Your golden yellow scales are hard. (AC +6)))
You cannot fit into any form of body armour.
((You are cold-blooded and may be slowed by cold attacks.))
((You are resistant to acid. (rCorr)))


Message History

Your +1 cloak melds into your body.
Your transformation is almost over.
Things that are here:
a +0 robe; a +4 dagger You see here a +0 morningstar.
The orc priest shouts!
The orc priest miscasts a cantrip.
The orc wizard gestures wildly while chanting.
The orc wizard flickers and vanishes!
Deactivating autopickup; reactivate with Ctrl-A.
There is an open door here.
You see here a +0 falchion.
The orc priest invokes the aid of Beogh against you.
You struggle to resist.
A magic dart appears from out of thin air!
The magic dart hits you!
The orc priest invokes the aid of Beogh against you.
Beogh smites you! The ball python misses you. x2
The orc priest barely misses you. The ball python misses you.
The ball python completely misses you. Something hits you.
You hit the orc priest.
The orc priest is poisoned.
The orc priest is moderately wounded.
The orc priest hits you but does no damage.
The ball python closely misses you. The ball python grabs you.
The ball python constricts you. Something hits you.
You bite the orc wizard!
The orc wizard is severely wounded.
The ball python completely misses you. The ball python constricts you.
The orc priest hits you with a +0 hand axe!
Something completely misses you.
The orc wizard hits you with a +0 dagger.
* * * LOW HITPOINT WARNING * * *
You hit the orc priest.
The orc priest is heavily wounded.
The ball python misses you. The ball python constricts you.
The orc priest calls down the wrath of Beogh upon you.
Pain shoots through your body!
* * * LOW HITPOINT WARNING * * *
Something hits you.
You die...

###.#..........................
# #.##.##...........###.#######
# #.##.##...........# #.#
###.##.##...........# #.#
'.....>##...........# #.#
###.#####...........# #.# # #.#
#...........# #.# #
#.#####......{oS..###)#########
#
#.....'....<.os..)')[..........
#
#######...........###.#####.###
# #...........# #.# #.# #
#...........# #<# #.# #
#...........# ### #.# #
#...........# #.# #############
#.# #.# #.#


You could see an orc priest (very poisoned), an orc wizard and a ball python.

Vanquished Creatures
  Edmund (D:4)
  A phantom (D:4)
  4 orc priests
  3 orc wizards
  3 gnolls (D:4)
  4 adders (D:3)
  A worm (D:3)
  2 dart slugs (D:3)
  9 orcs
  4 endoplasms
  2 giant cockroaches
  7 goblins
  5 hobgoblins
  4 jackals (D:1)
  8 kobolds
  5 quokkas
  8 ball pythons
  7 bats
  5 frilled lizards
  5 rats
88 creatures vanquished.

Notes
Turn   | Place    | Note
-------+----------+-------------------------------------------
     0 | D:1      | fragbeetle the Draconian Transmuter began the quest for the
                  | Orb.
     0 | D:1      | Reached XP level 1. HP: 16/16 MP: 3/3
   160 | D:1      | Reached XP level 2. HP: 23/23 MP: 5/5
   437 | D:1      | Found Inkum's Jewellery Boutique.
   587 | D:1      | Reached XP level 3. HP: 28/28 MP: 4/6
   592 | D:1      | Learned a level 3 spell: Spider Form
  1030 | D:2      | Reached skill level 1 in Poison Magic
  1030 | D:2      | Reached XP level 4. HP: 26/35 MP: 5/7
  1346 | D:2      | Reached skill level 4 in Unarmed Combat
  2139 | D:2      | Reached XP level 5. HP: 40/40 MP: 6/8
  2175 | D:2      | Learned a level 4 spell: Ice Form
  2924 | D:3      | Reached skill level 1 in Ice Magic
  3030 | D:3      | Found a faded altar of an unknown god.
  3177 | D:3      | Found a radiant altar of Vehumet.
  3423 | D:3      | Found a blossoming altar of Fedhas.
  3692 | D:4      | Reached XP level 6. HP: 34/47 MP: 6/9
  3860 | D:4      | Found a white marble altar of Elyvilon.
  3888 | D:4      | Noticed Edmund
  3904 | D:4      | Killed Edmund
  3905 | D:4      | Reached skill level 5 in Unarmed Combat
  4200 | D:4      | Your scales start taking on a golden yellow colour.
  4200 | D:4      | Reached XP level 7. HP: 37/52 MP: 4/10
  4200 | D:4      | Gained mutation: You are resistant to acid. (rCorr) [Yellow
                  | Draconian growth]
  4714 | D:4      | HP: 2/52 [orc priest/nerve-wracking pain (13)]
  4714 | D:4      | Slain by an orc wizard

Illustrated notes

Levels and vault maps discovered:
D:1:      tarquinn_simple_flora_water_c, layout_rooms, serial_shops, shop,
          minmay_stone_trees_small, minmay_crystal_room, minmay_misc_feat_rows,
          minmay_tiny_reverse_x
D:2:      cheibrodos_pilgrimage, layout_basic
D:3:      layout_rooms, mainiacjoe_overflow_surrounded_room,
          mainiacjoe_overflow_catwalk, hellmonk_ecumenical_altar_zigzags
D:4:      layout_basic, elyvilon_altar_1, uniq_edmund, uniq_duvessa

Skill      XL: |  1  2  3  4  5  6 |
---------------+-------------------+-----
Transmutations | 3 4 |  4.5
Poison Magic   | 1 2 3 |  3.3
Unarmed Combat | 4 5 |  5.1
Ice Magic      | 1 2 |  2.5
Fighting       | |  1.1
Dodging        | |  1.7
Spellcasting   | |  2.0

Action                   |  1- 3 |  4- 6 |  7- 9 || total
-------------------------+-------+-------+-------++-------
Melee: Unarmed           |    72 |   162 |     6 ||   240
       Kick              |    13 |    20 |       ||    33
       Headbutt          |     6 |    19 |       ||    25
       Tailslap          |     4 |     7 |       ||    11
       Punch             |       |     1 |       ||     1
Throw: Stone             |       |     2 |       ||     2
       Dart              |       |     1 |       ||     1
 Cast: Beastly Appendage |    23 |    28 |       ||    51
       Spider Form       |       |     7 |     2 ||     9
 Stab: Sleeping          |     1 |     1 |       ||     2
Armor: Skin              |    23 |    37 |     1 ||    61
Dodge: Dodged            |    55 |    96 |     9 ||   160

Table legend: (Time is in decaauts)
 A = Elapsed time spent in this place.
 B = Non-inter-level travel time spent in this place.
 C = Inter-level travel time spent in this place.
 D = Time resting spent in this place.
 E = Time spent auto-exploring this place.
 F = Levels seen in this place.
 G = Mean time per level.
                   A        B        C        D        E       F      G
               +--------+--------+--------+--------+--------+-----+--------+
         Total |   4705 |   4539 |    166 |   1141 |   2124 |   4 | 1176.2 |
       Dungeon |   4705 |   4539 |    166 |   1141 |   2124 |   4 | 1176.2 |
               +--------+--------+--------+--------+--------+-----+--------+

Top non-repeatable levels by time:
     D:2: 1527 daAuts
     D:3: 1374 daAuts
     D:1: 1036 daAuts
     D:4: 766 daAuts
